 Dungeon Crawl Stone Soup version 0.17-a0-1397-g0eee0a3 (webtiles) character file.

2373 wotan the Protected (level 9, -2/70 HPs)
             Began as a Ghoul Monk on June 17, 2015.
             Was a Priest of Makhleb.
             Killed by divine providence
             ... invoked by an orc priest
              (11 damage)
             ... on level 9 of the Dungeon.
             The game lasted 00:28:06 (7213 turns).

wotan the Protected (Ghoul Monk)                    Turns: 7213, Time: 00:28:06

Health: -2/70      AC:  9    Str: 15    XL:     9   Next: 45%
Magic:  8/8        EV: 11    Int:  7    God:    Makhleb [***...]
Gold:   271        SH:  0    Dex: 12    Spells: 0 memorised, 8 levels left

rFire  . . .     SeeInvis .       - Unarmed
rCold  + . .     Clarity  .     i - +1 ring mail
rNeg   + + +     SustAt   .     (no shield)
rPois  ∞         Gourm    .     (no helmet)
rElec  .         Spirit   .     (no cloak)
rCorr  .         Warding  .     (no gloves)
rMut   .         Stasis   .     u - +0 pair of boots (curse)
MR     .....                    (no amulet)
Stlth  +.........               t - ring of poison resistance
                                r - ring of invisibility

@: rotting, not resistant to hostile enchantments, very unstealthy
A: rotting body, claws 1, carnivore 3, cold resistance 1, negative energy
resistance 3, slow healing 1, torment resistance, unbreathing
a: Minor Destruction, Lesser Servant of Makhleb, Renounce Religion, Evoke
Invisibility


You were on level 9 of the Dungeon.
You worshipped Makhleb.
Makhleb was most pleased with you.
You were not hungry.

You visited 2 branches of the dungeon, and saw 8 of its levels.
You also visited: Ossuary.

You collected 355 gold pieces.
You spent 84 gold pieces at shops.

Inventory:

Armour
 g - a +0 pair of boots
 i - a +1 ring mail (worn)
 u - a cursed +0 pair of boots (worn)
Jewellery
 e - an uncursed ring of flight
 r - a ring of invisibility (left claw)
 t - a ring of poison resistance (right claw)
Magical devices
 m - a wand of flame (24)
 v - a wand of magic darts (28)
 y - a wand of enslavement (12)
 C - a wand of disintegration (17)
Scrolls
 c - 4 scrolls of enchant weapon
 f - 2 scrolls of remove curse
 h - a scroll of recharging
 j - a scroll of amnesia
 n - 4 scrolls of teleportation
 o - 2 scrolls of fear
Potions
 d - a potion of brilliance {unknown}
 k - 4 potions of curing
 p - 2 potions of poison {unknown}
 q - 2 potions of flight
 w - 2 potions of might {unknown}
 z - 2 potions of invisibility {unknown}
 A - 7 potions of haste
Comestibles
 b - 3 meat rations
 l - a beef jerky


   Skills:
 - Level 3.2 Fighting
 - Level 9.2 Armour
 - Level 2.6 Dodging
 - Level 2.1 Stealth
 - Level 9.1 Unarmed Combat
 + Level 0.0 Invocations


You had 8 spell levels left.
You didn't know any spells.

Dungeon Overview and Level Annotations

Branches:
Dungeon (9/15)             Temple (1/1) D:4             Orc (0/4) D:9
   Lair: D:8-11

Altars:
Ashenzari
Cheibriados
Dithmenos
Fedhas
Gozag
Kikubaaqudgha
Makhleb
Nemelex Xobeh
Ru
Sif Muna
Trog
Vehumet
Xom
Yredelemnul

Shops:
D:4 *


Innate Abilities, Weirdness & Mutations

Your body is rotting away.
You thrive on raw meat.
You are immune to poison.
You have sharp fingernails.
You are carnivorous and can eat meat at any time.
Your flesh is cold resistant.
You are immune to negative energy.
You heal slowly when monsters are visible.
You are immune to unholy pain and torment.
You can survive without breathing.


Message History

This raw flesh tastes great!
The orc priest invokes the aid of Beogh against you.
Something smites you!
* * * LOW HITPOINT WARNING * * *
The black bear bites you.
* * * LOW HITPOINT WARNING * * *
The black bear claws you.
* * * LOW HITPOINT WARNING * * *
The black bear claws you but does no damage.
You continue eating.
The black bear bites you.
* * * LOW HITPOINT WARNING * * *
The black bear barely misses you.
The black bear claws you but does no damage.
You continue eating.
The black bear completely misses you. The black bear closely misses you.
The black bear claws you but does no damage.
The orc priest mumbles some strange prayers to Beogh against you.
Something smites you!
You die...

### ..# #.#
# #.#
#.##.####
#..@....#
####h##....
#)# #
######o###
.......o..#
#########.#
#.## #..#
#####.#####


You could see a black bear, an orc priest and an orc.

Vanquished Creatures
  The ghost of Borgoz the Skirmisher, an average CeSk (D:4)
  Menkaure (D:4)
  An orc warrior (D:9)
  2 ogres
  2 phantoms
  A centaur (D:5)
  3 elf zombies (Ossuary)
  4 scorpions
  6 human zombies (Ossuary)
  A crimson imp (D:5)
  3 centaur zombies (Ossuary)
  3 hounds
  9 orc wizards
  A giant frog skeleton (D:6)
  3 orc priests
  Jessica (D:3)
  2 hound skeletons
  3 mummies (Ossuary)
  3 gnolls (D:2)
  Robin (D:2)
  A worker ant zombie (D:9)
  11 adders
  An ooze (D:5)
  The ghost of North the Skirmisher, a weakling OgFi (D:3)
  3 worms
  20 orcs
  2 ball pythons
  10 bats
  A bat skeleton (D:4)
  21 goblins
  16 hobgoblins
  12 jackals
  4 giant cockroaches
  A giant gecko (D:6)
  2 giant newts (D:3)
  10 kobolds
  2 quokkas
  11 rats
180 creatures vanquished.

Notes
Turn   | Place    | Note
--------------------------------------------------------------
     0 | D:1      | wotan the Ghoul Monk began the quest for the Orb.
     0 | D:1      | Reached XP level 1. HP: 19/19 MP: 0/0
   202 | D:1      | Reached XP level 2. HP: 16/25 MP: 1/1
   284 | D:1      | Reached skill level 5 in Unarmed Combat
   887 | D:2      | Reached XP level 3. HP: 25/30 MP: 2/2
  1216 | D:2      | Reached skill level 6 in Unarmed Combat
  1216 | D:2      | Reached XP level 4. HP: 20/38 MP: 3/3
  1389 | D:2      | Found a shattered altar of Ashenzari.
  1391 | D:2      | Found an ancient bone altar of Kikubaaqudgha.
  1940 | D:2      | Noticed Robin
  2029 | D:2      | Killed Robin
  2029 | D:2      | Reached XP level 5. HP: 35/45 MP: 4/4
  2052 | D:2      | Noticed a sky beast
  2234 | D:2      | Reached skill level 7 in Unarmed Combat
  2264 | D:3      | Reached XP level 6. HP: 41/51 MP: 5/5
  2304 | D:3      | Noticed North's ghost (weakling OgFi)
  2311 | D:3      | Killed North's ghost
  2334 | D:3      | Reached skill level 8 in Unarmed Combat
  2351 | D:3      | Noticed Jessica
  2355 | D:3      | Killed Jessica
  2355 | D:3      | Reached skill level 1 in Armour
  2506 | D:3      | Found a faded altar to an unknown god.
  3078 | D:4      | Noticed Borgoz's ghost (average CeSk)
  3133 | D:4      | Found Belu's General Store.
  3165 | D:4      | Noticed Menkaure
  3184 | D:4      | Bought 2 scrolls of fear for 84 gold pieces
  3218 | D:4      | Reached XP level 7. HP: 39/54 MP: 6/6
  3346 | D:5      | Entered Level 5 of the Dungeon
  3955 | D:5      | Found a sand-covered staircase.
  3965 | D:5      | Reached skill level 5 in Armour
  3984 | Ossuary  | Entered an ossuary
  4021 | Ossuary  | Reached XP level 8. HP: 36/63 MP: 7/7
  5733 | D:4      | Found a staircase to the Ecumenical Temple.
  5740 | Temple   | Entered the Ecumenical Temple
  5992 | Temple   | Became a worshipper of Makhleb the Destroyer
  5992 | Temple   | Acquired Makhleb's first power
  5992 | Temple   | Acquired Makhleb's second power
  6128 | D:4      | Reached XP level 9. HP: 22/69 MP: 8/8
  6524 | D:4      | Killed Borgoz's ghost
  6524 | D:4      | Reached skill level 9 in Armour
  6547 | D:4      | Killed Menkaure
  7125 | D:6      | You fall through a shaft for 3 floors!
  7125 | D:9      | Found a staircase to the Orcish Mines.
  7203 | D:9      | Acquired Makhleb's third power
  7213 | D:9      | Killed from afar by an orc priest

Vault maps used:
D:1:      evilmike_arrival_run_for_it
D:2:      kennysheep_goblin_castle, nicolae_overflow_hidden_temple
D:3:      ecumenical_altar_1, first_bread, serial_glass, glass_columns_a,
          glass_columns_a, uniq_jessica
D:4:      kennysheep_big_flooded_room, minmay_temple_entry_trees, serial_shops,
          shop, uniq_menkaure
D:5:      lightli_ossuary_entry_decrepit_ruins, minivault_4
D:6:      serial_shops, shop, minivault_5
D:9:      kennysheep_mini_moat, nicolae_qazlal_style_of_elements, david_orc_3,
          blue_anna_alchemist, minivault_15, minmay_misc_feat_enclosed,
          kennysheep_doodads, uniq_prince_ribbit1, uniq_erica
Temple:   triangle_lava_temple_12
Ossuary:  ossuary_minmay_four_chambers

Action                   |  1- 3 |  4- 6 |  7- 9 || total
-------------------------+-------+-------+-------++-------
Melee: Unarmed           |    88 |   245 |   468 ||   801
  Use: Scroll            |       |     6 |    14 ||    20
       Potion            |       |       |     3 ||     3
 Stab: Sleeping          |     3 |       |     3 ||     6
  Eat: Chunk             |     6 |    15 |    15 ||    36
       Royal jelly       |       |       |     1 ||     1
